 Dungeon Crawl Stone Soup version 0.22.0-49-gab54619674 (webtiles) character file.

497 Darkell the Chiller (level 6, -9/41 HPs)
             Began as a Demonspawn Ice Elementalist on Sept 9, 2018.
             Mangled by Pikel
             ... wielding a +0 whip of electrocution
              (17 damage)
             ... on level 4 of the Dungeon.
             The game lasted 00:05:37 (3356 turns).

Darkell the Chiller (Demonspawn Ice Elementalist)   Turns: 3356, Time: 00:05:38

Health: -9/41      AC:  7    Str:  9    XL:     6   Next: 93%
Magic:  11/18      EV: 12    Int: 18    God:
Gold:   153        SH:  2    Dex: 13    Spells: 4/9 levels left

rFire    . . .     SeeInvis .   (no weapon)
rCold    . . .     Gourm    .   (no shield)
rNeg     . . .     Faith    .   a - +0 robe
rPois    .         Spirit   .   (no helmet)
rElec    .         Reflect  +   q - +1 cloak {+Inv}
rCorr    .         Harm     .   (no gloves)
MR       .....                  (no boots)
Stlth    ++........             t - +2 amulet of reflection
HPRegen  0.13/turn              b - ring of wizardry
MPRegen  0.16/turn              i - ring of magical power

@: no status effects
A: claws 2, molten scales 2, spiny 1
a: Evoke Invisibility


You were on level 4 of the Dungeon.
You were very hungry.

You visited 1 branch of the dungeon, and saw 4 of its levels.

You collected 153 gold pieces.

Inventory:

Armour
 a - a +0 robe (worn)
 l - a +0 cloak
 q - a +1 cloak of invisibility (worn)
 v - a scarf of cloud immunity
Jewellery
 b - a ring of wizardry (left claw)
 i - a ring of magical power (right claw)
 j - an uncursed ring of protection from cold
 t - a +2 amulet of reflection (around neck)
 u - an uncursed ring of resist corrosion
Scrolls
 d - a scroll of magic mapping {unknown}
 f - 7 scrolls of identify {unknown}
 g - a scroll of enchant weapon {unknown}
 h - 2 scrolls of amnesia {unknown}
 k - 2 scrolls of remove curse {unknown}
 s - a scroll of fog {unknown}
Potions
 e - a potion of mutation {unknown}
 m - a potion of brilliance {unknown}
 n - 2 potions of haste {unknown}
 o - a potion of magic {unknown}
 p - 2 potions of curing {unknown}
 r - a potion of heal wounds {unknown}
Comestibles
 c - 7 rations


   Skills:
 - Level 1.7 Dodging
 - Level 1.7 Stealth
 - Level 2.0 Spellcasting
 - Level 1.0 Conjurations
 + Level 7.2 Ice Magic


You had 4 spell levels left.
You knew the following spells:

 Your Spells              Type           Power        Failure   Level  Hunger
a - Freeze                Ice            ####         1%          1    #......
b - Throw Icicle          Conj/Ice       ###.....     13%         4    #####..

Your spell library contained the following spells:

 Spells                   Type           Power        Failure   Level  Hunger
 Throw Frost              Conj/Ice       ###...       1%          2    ###....
 Ozocubu's Armour         Chrm/Ice       ##......     4%          3    ###....
 Summon Ice Beast         Ice/Summ       ##......     16%         4    #####..


Dungeon Overview and Level Annotations

Branches:
Dungeon (4/15)
 Temple: D:4-7

Altars:
Ashenzari
Cheibriados
Dithmenos
Elyvilon
Nemelex Xobeh
Wu Jian
Zin

Annotations:
D:4 Pikel


Innate Abilities, Weirdness & Mutations

You have very sharp fingernails.
You are mostly covered in molten scales. (AC +3)
You are partially covered in sharp spines.


Message History

* * * LOW HITPOINT WARNING * * *
Casting: Freeze (safe; 1% risk of failure)
Confirm with . or Enter, or press ? or * to list all spells.
Aiming: Freeze (safe; 1% risk of failure)
Press: ? - help, Shift-Dir - straight line, f/p - Pikel
Aim: Pikel, wielding a whip of electrocution and wearing a robe (lightly You freeze Pikel.
Pikel resists.
Pikel is moderately wounded.
Pikel barely misses you.
Casting: Freeze (safe; 1% risk of failure)
Confirm with . or Enter, or press ? or * to list all spells.
Aiming: Freeze (safe; 1% risk of failure)
Press: ? - help, Shift-Dir - straight line, f/p - Pikel
Aim: Pikel, wielding a whip of electrocution and wearing a robe (moderately You freeze Pikel.
Pikel resists.
Pikel is heavily wounded.
Pikel hits you with a whip of electrocution.
* * * LOW HITPOINT WARNING * * *
You are electrocuted!
You die...

#.......#
##.......##
##.........###
+.._..⌠.._...
##..........
#.........#
#.........#
#........@#
#......##K#
#.....###p##
#.....##spp#
####'###.......#
######.#
#..........
#<.....#
#..........
#####..#
####....... #..#
.....!.


You could see Pikel, 3 slaves and a scorpion.

Vanquished Creatures
  Sigmund (D:2)
  A slave (D:4)
  An ogre (D:4)
  An orc priest (D:3)
  An iguana (D:3)
  Crazy Yiuf (D:2)
  A worker ant (D:4)
  A hound skeleton (D:4)
  3 gnolls (D:3)
  2 adders
  An ooze (D:1)
  2 worms
  2 dart slugs (D:1)
  8 orcs (D:3)
  6 bats
  4 giant cockroaches
  4 goblins
  7 hobgoblins
  7 jackals (D:1)
  6 kobolds
  2 quokkas
  2 ball pythons
  3 frilled lizards
  A leopard gecko skeleton (D:4)
  7 rats
75 creatures vanquished.

Notes
Turn   | Place    | Note
-------+----------+-------------------------------------------
     0 | D:1      | Darkell the Demonspawn Ice Elementalist began the quest for
                  | the Orb.
     0 | D:1      | Reached XP level 1. HP: 13/13 MP: 3/3
    67 | D:1      | Reached skill level 3 in Ice Magic
   293 | D:1      | Gained mutation: You have sharp fingernails. [demonic
                  | ancestry]
   293 | D:1      | Reached XP level 2. HP: 13/19 MP: 1/5
  1020 | D:1      | Gained mutation: You are partially covered in sharp spines.
                  | [demonic ancestry]
  1020 | D:1      | Reached XP level 3. HP: 21/24 MP: 3/6
  1062 | D:1      | Reached skill level 4 in Ice Magic
  1506 | D:2      | Found a snail-covered altar of Cheibriados.
  1506 | D:2      | Noticed Sigmund
  1524 | D:2      | Killed Sigmund
  1524 | D:2      | Reached skill level 5 in Ice Magic
  1524 | D:2      | Gained mutation: You are partially covered in molten
                  | scales. (AC +2) [demonic ancestry]
  1524 | D:2      | Reached XP level 4. HP: 10/30 MP: 0/7
  1524 | D:2      | Gained mutation: You are mostly covered in molten scales.
                  | (AC +3) [demonic ancestry]
  1524 | D:2      | Reached XP level 5. HP: 11/35 MP: 0/8
  1764 | D:2      | Found a white marble altar of Elyvilon.
  1764 | D:2      | Found a glowing silver altar of Zin.
  1991 | D:2      | Found an ornate altar of the Wu Jian Council.
  2127 | D:2      | Found a runed door.
  2136 | D:2      | Learned a level 4 spell: Throw Icicle
  2136 | D:2      | Noticed Crazy Yiuf
  2142 | D:2      | Killed Crazy Yiuf
  2142 | D:2      | Reached skill level 6 in Ice Magic
  2418 | D:3      | Gained mutation: You have very sharp fingernails. [demonic
                  | ancestry]
  2418 | D:3      | Reached XP level 6. HP: 10/41 MP: 9/9
  2888 | D:3      | Found a shattered altar of Ashenzari.
  3206 | D:4      | Reached skill level 7 in Ice Magic
  3326 | D:4      | Found a sparkling altar of Nemelex Xobeh.
  3326 | D:4      | Found a shadowy altar of Dithmenos.
  3335 | D:4      | Noticed Pikel
  3335 | D:4      | Noticed a slave
  3337 | D:4      | Noticed a slave
  3337 | D:4      | Noticed a slave
  3337 | D:4      | Noticed a slave
  3351 | D:4      | Killed a slave
  3356 | D:4      | Mangled by Pikel

Skill      XL: |  1  2  3  4  5  6 |
---------------+-------------------+-----
Ice Magic      | 3 5 6 7 |  7.2
Dodging        | |  1.7
Stealth        | |  1.7
Spellcasting   | |  2.0
Conjurations   | |  1.0

Action                   |  1- 3 |  4- 6 || total
-------------------------+-------+-------++-------
Melee: Club              |     8 |       ||     8
       Unarmed           |    38 |    31 ||    69
 Cast: Freeze            |    37 |    62 ||    99
  Use: Potion            |     1 |       ||     1
 Stab: Sleeping          |       |     1 ||     1
  Eat: Chunk             |     2 |     6 ||     8
Armor: Robe              |    11 |    15 ||    26
Dodge: Dodged            |    49 |    48 ||    97
Block: Other             |       |     1 ||     1
